 Dungeon Crawl Stone Soup version 0.23-a0-32-g1388f29e54 (webtiles) character file.

25 Chiseanne the Covered (level 2, -1/22 HPs)
             Began as a Demonspawn Wanderer on Aug 4, 2018.
             Slain by a wight
             ... wielding a +3 scimitar
              (7 damage)
             ... on level 2 of the Dungeon.
             The game lasted 00:02:10 (603 turns).

Chiseanne the Covered (Demonspawn Wanderer)          Turns: 603, Time: 00:02:10

Health: -1/22      AC:  8    Str: 14    XL:     2   Next: 86%
Magic:  5/5        EV:  9    Int: 12    God:
Gold:   59         SH:  0    Dex: 11    Spells: 5/5 levels left

rFire    . . .     SeeInvis .   b - +0 hand axe
rCold    . . .     Gourm    .   (no shield)
rNeg     . . .     Faith    .   a - +2 scale mail
rPois    .         Spirit   .   (no helmet)
rElec    .         Reflect  .   (no cloak)
rCorr    .         Harm     .   (no gloves)
MR       .....                  (no boots)
Stlth    ..........             (no amulet)
HPRegen  0.07/turn              (no ring)
MPRegen  0.09/turn              (no ring)

@: drained
A: hooves 1
a: no special abilities


You were on level 2 of the Dungeon.
You were not hungry.

You visited 1 branch of the dungeon, and saw 2 of its levels.

You collected 59 gold pieces.

Inventory:

Hand Weapons
 b - a +0 hand axe (weapon)
 c - a +0 hand crossbow
Missiles
 d - 32 bolts
 g - 38 stones (quivered)
 i - 7 arrows
Armour
 a - a +2 scale mail (worn)
Jewellery
 j - a +2 ring of evasion {unknown}
Scrolls
 e - a scroll of teleportation {unknown}
 h - a scroll of magic mapping {unknown}
Comestibles
 f - a ration


   Skills:
 * Level 2.1(1.4) Fighting
 - Level 1.7(1.0) Crossbows
 * Level 2.5(1.8) Armour
   Level 1.0(0.2) Shields
 - Level 2.0(1.2) Spellcasting
   Level 1.0(0.3) Conjurations
   Level 1.0(0.3) Evocations


You had 5 spell levels left.
You didn't know any spells.
Your spell library was empty.

Dungeon Overview and Level Annotations

Branches:
Dungeon (2/15)

Altars:


Innate Abilities, Weirdness & Mutations

You have large cloven feet.


Message History

j - a small garnet ring 3 wights come into view.
A rat comes into view.
The teleport trap disappears.
The rat disappears!
The rat moves out of view.
You see here a scroll labeled GYPLYN NUOPOAT.
(D) Dungeon
Where to? (Enter - D:2, ? - help)
Okay, then.
A wight comes into view. It is wielding a long sword.
The wight closely misses you. The wight hits you but does no damage.
The wight hits you with a falchion. The wight hits you but does no damage.
The wight closely misses you. The wight hits you with a long sword.
You feel drained.
A wight comes into view. It is wielding an enchanted scimitar.
The wight hits you with a long sword.
You feel drained.
The wight hits you with an enchanted scimitar.
* * * LOW HITPOINT WARNING * * *
You feel drained.
The wight hits you with an enchanted scimitar!
You die...

####################
............?......#
###########........#
#........######
#..............
#....z.z......#
#.....z........
#.....z..####.#
#.....@z......#
.......<..####.#
#####.##..# #. #..#
#. #..# #... ##.##
.#


You could see 5 wights.

Vanquished Creatures
  A dart slug (D:1)
  4 bats (D:1)
  2 giant cockroaches (D:1)
  2 goblins (D:1)
  3 hobgoblins (D:1)
  3 kobolds
  3 frilled lizards (D:1)
  6 rats (D:1)
24 creatures vanquished.

Notes
Turn   | Place    | Note
-------+----------+-------------------------------------------
     0 | D:1      | Chiseanne the Demonspawn Wanderer began the quest for the Orb.
     0 | D:1      | Chiseanne set off with: a +2 scale mail, a +0 hand axe, a +0 hand crossbow, 28 bolts, a ration
     0 | D:1      | Reached XP level 1. HP: 15/15 MP: 3/3
   127 | D:1      | Gained mutation: You have large cloven feet. [demonic ancestry]
   127 | D:1      | Reached XP level 2. HP: 20/21 MP: 5/5
   588 | D:2      | Noticed a wight
   588 | D:2      | Noticed a wight
   588 | D:2      | Noticed a wight
   593 | D:2      | Noticed a wight
   599 | D:2      | Noticed a wight
   603 | D:2      | Slain by a wight

Vault maps used:
D:1:      mrwooster_arrival_statue
D:2:      lemuel_round_altar, first_ration,
          nicolae_gozag_cash_rules_everything_around_me

Skill      XL: |  1  2 |
---------------+-------+-----
Armour         | 2 |  2.5
Fighting       | 2 |  2.1
Crossbows      | |  1.7
Shields        | |  1.0
Spellcasting   | |  2.0
Conjurations   | |  1.0
Evocations     | |  1.0

Action                   || total
-------------------------++-------
Melee: Hand axe          ||    66
       Kick              ||     6
Armor: Scale mail        ||    62
Dodge: Dodged            ||    48

Table legend:
 A = Spawn XP
 B = Non-spawn XP
 C = Spawn XP percentage of total XP
 D = Spawn monster count
 E = Non-spawn monster count
 F = Spawn count percentage of total count
 G = Total turns spent on level
                    A         B        C        D         E        F      G
               +---------+---------+-------+---------+---------+-------+---------
         Total |       0 |      37 |   0.0 |       0 |      24 |   0.0 |   603
               +---------+---------+-------+---------+---------+-------+---------
           D:1 |       0 |      35 |   0.0 |       0 |      23 |   0.0 |   549
           D:2 |       0 |       2 |   0.0 |       0 |       1 |   0.0 |    54
               +---------+---------+-------+---------+---------+-------+---------
